| TOP OF THE 1ST |
|
Louisville Bats batting - Pitching for New Orleans Zephyrs : LHP Jeff Tavella
|
|
Pitching: LHP Jeff Tavella
|
|
|
Batting: RHB Won-jun Park
|
0-0: Called Strike 0-1: Fly out, F7 (Line Drive, 7D, EV 90.0 MPH)
|
|
Batting: RHB Danny Real
|
0-0: Ball 1-0: Fly out, F5 (Popup, 56, EV 65.6 MPH)
|
|
Batting: LHB Jamie Spangenberg
|
0-0: Foul Ball, location: 2F 0-1: Ball 1-1: Ball 2-1: Called Strike 2-2: Ball 3-2: Base on Balls
|
|
Batting: SHB Freddie Farrar
|
0-0: Ball 1-0: Ball 2-0: Fly out, F8 (Flyball, 8LM, EV 87.5 MPH)
|
| Top of the 1st over - 0 runs, 0 hits, 0 errors, 1 left on base; Louisville 0 - New Orleans 0 |
| BOTTOM OF THE 1ST |
|
New Orleans Zephyrs batting - Pitching for Louisville Bats : LHP Ed Chavez
|
|
Pitching: LHP Ed Chavez
|
|
|
Batting: LHB David Doge
|
0-0: Ball 1-0: Called Strike 1-1: SINGLE (Groundball, 6D, EV 98.8 MPH)
|
|
Batting: SHB Ramon Martinez
|
0-0: Called Strike 0-1: Ball 1-1: Ball 2-1: Fielders Choice at 2nd, 5-4 (Groundball, 56D, EV 106.2 MPH)
|
|
Batting: RHB Manuel Taveras
|
0-0: Ball 1-0: Ball 2-0: Called Strike 2-1: Grounds into double play, 6-4-3 (Groundball, 6, EV 97.5 MPH)
|
| Bottom of the 1st over - 0 runs, 1 hit, 0 errors, 0 left on base; Louisville 0 - New Orleans 0 |
| TOP OF THE 2ND |
|
Louisville Bats batting - Pitching for New Orleans Zephyrs : LHP Jeff Tavella
|
|
Batting: RHB Jonathan Robies
|
0-0: Fly out, F9 (Flyball, 9S, EV 88.8 MPH)
|
|
Batting: LHB Jared Paige
|
0-0: Ball 1-0: Ball 2-0: Called Strike 2-1: Ball 3-1: Called Strike 3-2: Foul Ball, location: 2F 3-2: Reached on error, E3 (Groundball, 34, EV 83.8 MPH)
|
|
Batting: RHB Steve Bauman
|
0-0: Ball 1-0: Foul Ball, location: 2F 1-1: Grounds into double play, 5-4-3 (Groundball, 56S, EV 91.2 MPH)
|
| Top of the 2nd over - 0 runs, 0 hits, 1 error, 0 left on base; Louisville 0 - New Orleans 0 |
| BOTTOM OF THE 2ND |
|
New Orleans Zephyrs batting - Pitching for Louisville Bats : LHP Ed Chavez
|
|
Batting: RHB Adam McGurn
|
0-0: Ball 1-0: Ball 2-0: Ball 3-0: Base on Balls
|
|
Batting: RHB Isaiah Brockman
|
0-0: Swinging Strike 0-1: Foul Ball, location: 2F 0-2: Strikes out swinging
|
|
Batting: RHB Rick Fell
|
0-0: Fly out, F8 (Flyball, 8RM, EV 75.0 MPH)
|
|
Batting: RHB Orlando Landa
|
0-0: Called Strike 0-1: Called Strike 0-2: Ball 1-2: Foul Ball, location: 2F 1-2: Ground out 5-3 (Groundball, 56S, EV 85.6 MPH)
|
| Bottom of the 2nd over - 0 runs, 0 hits, 0 errors, 1 left on base; Louisville 0 - New Orleans 0 |
| TOP OF THE 3RD |
|
Louisville Bats batting - Pitching for New Orleans Zephyrs : LHP Jeff Tavella
|
|
Batting: SHB Tim Utz
|
0-0: Ball 1-0: Foul Ball, location: 2F 1-1: Foul Ball, location: 2F 1-2: Strikes out swinging
|
|
Batting: RHB Ben Hinman
|
0-0: Ground out 3-1 (Groundball, 34, EV 82.5 MPH)
|
|
Batting: RHB Won-jun Park
|
0-0: Fly out, F7 (Line Drive, 7, EV 91.2 MPH)
|
| Top of the 3rd over - 0 runs, 0 hits, 0 errors, 0 left on base; Louisville 0 - New Orleans 0 |
| BOTTOM OF THE 3RD |
|
New Orleans Zephyrs batting - Pitching for Louisville Bats : LHP Ed Chavez
|
|
Batting: RHB Masumitsu Sugiura
|
0-0: Ball 1-0: Foul Ball, location: 2F 1-1: Ground out 4-3 (Groundball, 4MS, EV 77.5 MPH)
|
|
Batting: RHB Harrie de Kam
|
0-0: Foul Ball, location: 2F 0-1: Ball 1-1: Fly out, F9 (Line Drive, 9, EV 98.1 MPH)
|
|
Batting: LHB David Doge
|
0-0: Called Strike 0-1: Ball 1-1: Ball 2-1: Called Strike 2-2: DOUBLE (Flyball, 8RXD, EV 101.2 MPH)
|
|
Batting: SHB Ramon Martinez
|
0-0: Ball 1-0: Ball 2-0: SINGLE (Groundball, 56, EV 99.4 MPH) (infield hit) David Doge to third
|
|
Batting: RHB Manuel Taveras
|
0-0: Called Strike Ramon Martinez steals 2nd base 0-1: Foul Ball, location: 2F 0-2: Ball 1-2: Reached on error, E5 (Groundball, 56, EV 106.2 MPH) David Doge scores Ramon Martinez to third
|
|
Batting: RHB Adam McGurn
|
0-0: Swinging Strike 0-1: Foul Ball, location: 2F 0-2: Foul Ball, location: 2F 0-2: Foul Ball, location: 2F 0-2: 3-RUN HOME RUN (Flyball, 7D, EV 100.0 MPH), Distance : 403 ft
|
|
Batting: RHB Isaiah Brockman
|
0-0: Ball 1-0: Swinging Strike 1-1: Foul Ball, location: 2F 1-2: Ball 2-2: Strikes out looking
|
| Bottom of the 3rd over - 4 runs, 3 hits, 1 error, 0 left on base; Louisville 0 - New Orleans 4 |
| TOP OF THE 4TH |
|
Louisville Bats batting - Pitching for New Orleans Zephyrs : LHP Jeff Tavella
|
|
Batting: RHB Danny Real
|
0-0: Called Strike 0-1: Ball 1-1: Foul Ball, location: 2F 1-2: Fly out, F8 (Flyball, 8LM, EV 97.5 MPH)
|
|
Batting: LHB Jamie Spangenberg
|
0-0: Ball 1-0: Ball 2-0: Ground out 6-3 (Groundball, 6M, EV 98.8 MPH)
|
|
Batting: SHB Freddie Farrar
|
0-0: Ball 1-0: Ball 2-0: Called Strike 2-1: Foul Ball, location: 2F 2-2: Foul Ball, location: 2F 2-2: Foul Ball, location: 2F 2-2: Strikes out swinging
|
| Top of the 4th over - 0 runs, 0 hits, 0 errors, 0 left on base; Louisville 0 - New Orleans 4 |
| BOTTOM OF THE 4TH |
|
New Orleans Zephyrs batting - Pitching for Louisville Bats : LHP Ed Chavez
|
|
Batting: RHB Rick Fell
|
0-0: Swinging Strike 0-1: Ball 1-1: Called Strike 1-2: SINGLE (Line Drive, 9S, EV 97.5 MPH)
|
|
Batting: RHB Orlando Landa
|
0-0: Called Strike 0-1: Ball 1-1: Swinging Strike 1-2: Foul Ball, location: 2F 1-2: Ball 2-2: Foul Ball, location: 2F 2-2: Foul Ball, location: 2F 2-2: Strikes out swinging
|
|
Batting: RHB Masumitsu Sugiura
|
0-0: Grounds into double play, 6-4-3 (Groundball, 6, EV 105.6 MPH)
|
| Bottom of the 4th over - 0 runs, 1 hit, 0 errors, 0 left on base; Louisville 0 - New Orleans 4 |
| TOP OF THE 5TH |
|
Louisville Bats batting - Pitching for New Orleans Zephyrs : LHP Jeff Tavella
|
|
Batting: RHB Jonathan Robies
|
0-0: Called Strike 0-1: Called Strike 0-2: Ball 1-2: Strikes out swinging
|
|
Batting: LHB Jared Paige
|
0-0: Called Strike 0-1: Ball 1-1: Ball 2-1: Foul Ball, location: 2F 2-2: Foul Ball, location: 2F 2-2: Ball 3-2: Foul Ball, location: 2F 3-2: Foul Ball, location: 2F 3-2: Base on Balls
|
|
Batting: RHB Steve Bauman
|
0-0: Foul Ball, location: 2F 0-1: Ball 1-1: Ball 2-1: Foul Ball, location: 2F 2-2: Foul Ball, location: 2F 2-2: Strikes out swinging
|
|
Batting: SHB Tim Utz
|
0-0: Swinging Strike 0-1: Ball 1-1: Fielders Choice at 2nd, 6-4 (Groundball, 6, EV 81.2 MPH)
|
| Top of the 5th over - 0 runs, 0 hits, 0 errors, 1 left on base; Louisville 0 - New Orleans 4 |
| BOTTOM OF THE 5TH |
|
New Orleans Zephyrs batting - Pitching for Louisville Bats : LHP Ed Chavez
|
|
Batting: RHB Harrie de Kam
|
0-0: Called Strike 0-1: Ball 1-1: Called Strike 1-2: Ball 2-2: Ball 3-2: Ground out 3-1 (Groundball, 13, EV 81.2 MPH)
|
|
Batting: LHB David Doge
|
0-0: Fly out, F8 (Flyball, 78D, EV 81.9 MPH)
|
|
Batting: SHB Ramon Martinez
|
0-0: Ball 1-0: Ball 2-0: Ball 3-0: Called Strike 3-1: Called Strike 3-2: Base on Balls
|
|
Batting: RHB Manuel Taveras
|
0-0: Called Strike 0-1: Ball Ramon Martinez steals 2nd base 1-1: SINGLE (Flyball, 8RS, EV 94.4 MPH) Ramon Martinez to third Runner from 3rd tries for Home, SAFE, throw by CF to home
|
|
Pitching: LHP Jin Zhui
|
|
|
Batting: RHB Adam McGurn
|
0-0: Called Strike 0-1: Fly out, F8 (Flyball, 8LM, EV 83.1 MPH)
|
| Bottom of the 5th over - 1 run, 1 hit, 0 errors, 1 left on base; Louisville 0 - New Orleans 5 |
| TOP OF THE 6TH |
|
Louisville Bats batting - Pitching for New Orleans Zephyrs : LHP Jeff Tavella
|
|
Batting: RHB Ben Hinman
|
0-0: Called Strike 0-1: Ball 1-1: Ball 2-1: Called Strike 2-2: Ground out U3 (Groundball, 34, EV 78.8 MPH)
|
|
Batting: RHB Won-jun Park
|
0-0: Ball 1-0: Foul Ball, location: 2F 1-1: Foul Ball, location: 2F 1-2: Fly out, F7 (Flyball, 78M, EV 97.5 MPH)
|
|
Batting: RHB Danny Real
|
0-0: Ball 1-0: Ball 2-0: Foul Ball, location: 2F 2-1: Ball 3-1: Ground out 5-3 (Groundball, 56S, EV 78.8 MPH)
|
| Top of the 6th over - 0 runs, 0 hits, 0 errors, 0 left on base; Louisville 0 - New Orleans 5 |
| BOTTOM OF THE 6TH |
|
New Orleans Zephyrs batting - Pitching for Louisville Bats : LHP Jin Zhui
|
|
Batting: RHB Isaiah Brockman
|
0-0: Called Strike 0-1: Foul Ball, location: 2F 0-2: Fly out, F8 (Flyball, 8RM, EV 84.4 MPH)
|
|
Batting: RHB Rick Fell
|
0-0: SINGLE (Flyball, 89S, EV 92.5 MPH)
|
|
Batting: RHB Orlando Landa
|
0-0: Called Strike 0-1: Hit by Pitch Rick Fell to second
|
|
Batting: RHB Masumitsu Sugiura
|
0-0: Ball 1-0: Ball 2-0: Fly out, F9 (Line Drive, 9LM, EV 84.4 MPH)
|
|
Batting: RHB Harrie de Kam
|
0-0: Called Strike 0-1: Swinging Strike 0-2: Fly out, F8 (Flyball, 8LD, EV 89.4 MPH)
|
| Bottom of the 6th over - 0 runs, 1 hit, 0 errors, 2 left on base; Louisville 0 - New Orleans 5 |
| TOP OF THE 7TH |
|
Louisville Bats batting - Pitching for New Orleans Zephyrs : LHP Jeff Tavella
|
|
Batting: LHB Jamie Spangenberg
|
0-0: Ball 1-0: Ground out 4-3 (Groundball, 4, EV 103.1 MPH)
|
|
Batting: SHB Freddie Farrar
|
0-0: Foul Ball, location: 2F 0-1: Swinging Strike 0-2: Ball 1-2: Foul Ball, location: 2F 1-2: Ground out 5-3 (Groundball, 56, EV 100.6 MPH)
|
|
Batting: RHB Jonathan Robies
|
0-0: Ball 1-0: Foul Ball, location: 2F 1-1: Called Strike 1-2: Ball 2-2: SINGLE (Line Drive, 6MD, EV 97.5 MPH)
|
|
Batting: LHB Jared Paige
|
0-0: Called Strike 0-1: Ball 1-1: Foul Ball, location: 2F 1-2: Foul Ball, location: 2F 1-2: Ball 2-2: Strikes out looking
|
| Top of the 7th over - 0 runs, 1 hit, 0 errors, 1 left on base; Louisville 0 - New Orleans 5 |
| BOTTOM OF THE 7TH |
|
New Orleans Zephyrs batting - Pitching for Louisville Bats : LHP Jin Zhui
|
|
Batting: LHB David Doge
|
0-0: Ball 1-0: Ground out U3 (Groundball, 3L, EV 106.2 MPH)
|
|
Batting: SHB Ramon Martinez
|
0-0: Ball 1-0: Foul Ball, location: 2F 1-1: Swinging Strike 1-2: Foul Ball, location: 2F 1-2: Strikes out swinging
|
|
Batting: RHB Manuel Taveras
|
0-0: Ball 1-0: Ball 2-0: Called Strike 2-1: Foul Ball, location: 2F 2-2: Foul Ball, location: 2F 2-2: Strikes out swinging
|
| Bottom of the 7th over - 0 runs, 0 hits, 0 errors, 0 left on base; Louisville 0 - New Orleans 5 |
| TOP OF THE 8TH |
|
Louisville Bats batting - Pitching for New Orleans Zephyrs : LHP Jeff Tavella
|
|
Batting: RHB Steve Bauman
|
0-0: SINGLE (Groundball, 56D, EV 93.8 MPH)
|
|
Batting: SHB Tim Utz
|
0-0: Ball 1-0: Called Strike 1-1: Swinging Strike 1-2: Ball 2-2: Fly out, F8 (Flyball, 89D, EV 110.0 MPH)
|
|
Pitching: LHP Tyler Murders
|
|
|
Batting: RHB Ben Hinman
|
0-0: DOUBLE (Flyball, 8RXD, EV 99.4 MPH) Steve Bauman to third
|
|
Batting: RHB Won-jun Park
|
0-0: Ball 1-0: Foul Ball, location: 2F 1-1: Swinging Strike 1-2: Foul Ball, location: 2F 1-2: Strikes out swinging
|
|
Batting: RHB Danny Real
|
0-0: Swinging Strike 0-1: Ball 1-1: Swinging Strike 1-2: Ground out 5-3 (Groundball, 56S, EV 89.4 MPH)
|
| Top of the 8th over - 0 runs, 2 hits, 0 errors, 2 left on base; Louisville 0 - New Orleans 5 |
| BOTTOM OF THE 8TH |
|
New Orleans Zephyrs batting - Pitching for Louisville Bats : LHP Jin Zhui
|
|
Batting: RHB Adam McGurn
|
0-0: Ball 1-0: Swinging Strike 1-1: Ball 2-1: Ball 3-1: Base on Balls
|
|
Batting: RHB Isaiah Brockman
|
0-0: Called Strike 0-1: Ball 1-1: Ground out 6-3 (Groundball, P, EV 79.4 MPH) Adam McGurn to second
|
|
Batting: RHB Rick Fell
|
0-0: Swinging Strike 0-1: Called Strike 0-2: Ball 1-2: Foul Ball, location: 2F 1-2: Fly out, F9 (Flyball, 9LD, EV 92.5 MPH) Runner from 2nd tags up, SAFE at 3rd, no throw by RF
|
|
Batting: RHB Orlando Landa
|
0-0: Swinging Strike 0-1: Foul Ball, location: 2F 0-2: Ball 1-2: Fly out, F6 (Flyball, 56D, EV 81.9 MPH)
|
| Bottom of the 8th over - 0 runs, 0 hits, 0 errors, 1 left on base; Louisville 0 - New Orleans 5 |
| TOP OF THE 9TH |
|
Louisville Bats batting - Pitching for New Orleans Zephyrs : LHP Tyler Murders
|
|
Batting: LHB Jamie Spangenberg
|
0-0: Ball 1-0: Ball 2-0: Ground out 4-3 (Groundball, 4, EV 79.4 MPH)
|
|
Batting: SHB Freddie Farrar
|
0-0: Called Strike 0-1: Called Strike 0-2: Ball 1-2: Ball 2-2: Ball 3-2: Fly out, F8 (Line Drive, 8LM, EV 88.1 MPH)
|
|
Batting: RHB Jonathan Robies
|
0-0: Foul Ball, location: 2F 0-1: Foul Ball, location: 2F 0-2: Ball 1-2: Strikes out looking
|
| Top of the 9th over - 0 runs, 0 hits, 0 errors, 0 left on base; Louisville 0 - New Orleans 5 |
|